 Dungeon Crawl Stone Soup version 0.28-a0-268-g3f656e82c2 (webtiles) character file.

Game seed: 9046016559182755300

28 Malachi the Insei (level 3, 0/26 HPs)
             Began as a Demonspawn Transmuter on Aug 28, 2021.
             Succumbed to a kobold's poison
             ... on level 2 of the Dungeon.
             The game lasted 00:02:15 (1543 turns).

Malachi the Insei (Demonspawn Transmuter)           Turns: 1543, Time: 00:02:16

Health: 0/26       AC:  4    Str: 10    XL:     3   Next: 0%
Magic:  6/6        EV: 12    Int: 15    God:
Gold:   58         SH:  0    Dex: 13    Spells: 5/6 levels left

rFire   + . .      SeeInvis .     - Unarmed
rCold   + . .      Faith    .   (no shield)
rNeg    . . .      Spirit   .   a - +0 robe
rPois   +          Reflect  .   (helmet currently unavailable)
rElec   +          Harm     .   (no cloak)
rCorr   +          Rampage  .   (no gloves)
Will    .....                   (boots currently unavailable)
Stlth   +.........              (no amulet)
HPRegen 0.08/turn               (no ring)
MPRegen 0.10/turn               (no ring)

@: lethally poisoned (0 -> -1), appendages (expiring), resistant
A: horns 2, hooves 1, icy blue scales 1
a: End Transformation


You were on level 2 of the Dungeon.
You had temporarily grown beastly horns.
You visited 1 branch of the dungeon, and saw 2 of its levels.

You collected 58 gold pieces.

Inventory:

Armour
 a - a +0 robe (worn)
Magical Staves
 g - a staff of conjuration
Scrolls
 c - a scroll of immolation
 d - a scroll of magic mapping {unknown}
 e - a scroll of teleportation
Potions
 f - a potion of cancellation


   Skills:
 - Level 1.0 Fighting
 - Level 1.7 Dodging
 * Level 3.3 Unarmed Combat
 - Level 2.0 Spellcasting
 * Level 2.5 Transmutations


You had 5 spell levels left.
You knew the following spells:

 Your Spells              Type           Power      Damage    Failure   Level
a - Beastly Appendage     Tmut           18%        N/A       8%          1

Your spell library contained the following spells:

 Spells                   Type           Power      Damage    Failure   Level
 Wereblood                Tmut           9%         N/A       12%         2
 Pain                     Necr           4%         1d4       22%         1
 Spider Form              Tmut/Pois      2%         N/A       36%         3
 Ice Form                 Ice/Tmut       5%         N/A       78%         4
 Agony                    Necr           1%         N/A       99%         5
 Excruciating Wounds      Necr           0%         N/A       99%         5


Dungeon Overview and Level Annotations

Branches:
Dungeon (2/15)

Altars:


Innate Abilities, Weirdness & Mutations

You have temporarily grown beastly horns.
You have large cloven feet.
You are partially covered in icy blue scales. (AC +2)


Message History

A ball python comes into view.
You feel sick.
The kobold throws a poisoned dart.
The poisoned dart hits you!
You are more poisoned.
You feel very sick.
You hit the kobold.
You kill the kobold!
You feel sick.
You closely miss the kobold. You kick the kobold, but do no damage.
Your transformation is almost over.
You feel sick. The kobold hits you with a +0 dagger.
You are too injured to fight recklessly!
You are too injured to fight recklessly!
You are too injured to fight recklessly!
You completely miss the kobold. You kick the kobold, but do no damage.
You feel sick.
You hit the kobold but do no damage. You headbutt the kobold.
You kill the kobold!
You feel sick. The ball python bites you.
* * * LOW HITPOINT WARNING * * *
The ball python closely misses you.
You hit the ball python.
The ball python is severely wounded.
You feel sick. The ball python closely misses you.
The ball python barely misses you.
You closely miss the ball python.
The ball python is severely wounded.
You feel sick. The ball python bites you.
* * * LOW HITPOINT WARNING * * *
The ball python closely misses you.
You hit the ball python.
You kill the ball python!
* * * LOW HITPOINT WARNING * * *
You feel sick.
You have reached level 3!
Your experience leads to an increase in your attributes!
Increase (S)trength, (I)ntelligence, or (D)exterity?
You feel clever.
Your demonic ancestry asserts itself...
Icy blue scales grow over part of your body.
You feel protected.
You die...

### .. ### #.#
.....#####.# ..
#.....)@...#####..
.....####.........
#.# .. #........#
#.# #........# ..
#........#
#.##........#
#..#........#
#.#........#
.......
#..........#


There were no monsters in sight!

Vanquished Creatures
  2 dart slugs (D:1)
  A giant cockroach (D:1)
  3 hobgoblins
  2 jackals (D:1)
  A quokka (D:2)
  A ball python (D:2)
  5 bats
  A frilled lizard (D:1)
  2 goblins (D:1)
  3 kobolds
  4 rats (D:1)
25 creatures vanquished.

Notes
Turn   | Place    | Note
-------+----------+-------------------------------------------
     0 | D:1      | Malachi the Demonspawn Transmuter began the quest for the
                  | Orb.
     0 | D:1      | Reached XP level 1. HP: 15/15 MP: 3/3
   303 | D:1      | Reached skill level 3 in Unarmed Combat
   311 | D:1      | Lost mutation: You have razor-sharp toenails. [demonic
                  | ancestry]
   311 | D:1      | Lost mutation: You have sharp toenails. [demonic ancestry]
   311 | D:1      | Gained mutation: You have large cloven feet. [demonic
                  | ancestry]
   311 | D:1      | Reached XP level 2. HP: 9/21 MP: 3/5
  1542 | D:2      | HP: 1/21 [poisoned by a kobold]
  1543 | D:2      | Gained mutation: You are partially covered in icy blue
                  | scales. (AC +2) [demonic ancestry]
  1543 | D:2      | Reached XP level 3. HP: 1/26 MP: 6/6
  1543 | D:2      | Succumbed to a kobold's poison

Illustrated notes

Levels and vault maps discovered:
D:1:      amcnicky_arrival_abandoned_market, layout_basic
D:2:      layout_basic, chequers_ecumenical_altar_twisty,
          grunt_decor_one_mirror, minmay_misc_feat_pillars,
          minmay_misc_feat_tower

Skill      XL: |  1 |
---------------+----+-----
Transmutations | 2 |  2.5
Unarmed Combat | 3 |  3.3
Fighting       | |  1.0
Dodging        | |  1.7
Spellcasting   | |  2.0

Action                   || total
-------------------------++-------
Melee: Unarmed           ||    65
       Headbutt          ||     9
       Kick              ||     9
       Punch             ||     1
 Cast: Beastly Appendage ||    17
  Use: Scroll            ||     4
       Potion            ||     1
 Stab: Sleeping          ||     1
Armor: Robe              ||    17
Dodge: Dodged            ||    36

Table legend: (Time is in decaauts)
 A = Elapsed time spent in this place.
 B = Non-inter-level travel time spent in this place.
 C = Inter-level travel time spent in this place.
 D = Time resting spent in this place.
 E = Time spent auto-exploring this place.
 F = Levels seen in this place.
 G = Mean time per level.
                   A        B        C        D        E       F      G
               +--------+--------+--------+--------+--------+-----+--------+
         Total |   1538 |   1499 |     39 |    326 |    982 |   2 |  769.0 |
       Dungeon |   1538 |   1499 |     39 |    326 |    982 |   2 |  769.0 |
               +--------+--------+--------+--------+--------+-----+--------+

Top non-repeatable levels by time:
     D:1: 1224 daAuts
     D:2: 313 daAuts
